AoeStats
← 清远华

Arena

510747463Analyzed
4v4 RM · 1d ago on Oct 2, 2026· 65m 25s· 8 players
Game mode
Random Map
Map size
Large (8 player)
Population
200
Speed
Normal
Resources
Standard
Victory
Conquest
Starting age
Dark Age
Ending age
Imperial Age
RankedLock teamsTeams togetherTeam positionsShared explorationLock speedFull tech treeHidden civsTurbo modeCheats
Victory
Defeat
🇮🇹 Turks · Italy
1804
+13
🇨🇳 Celts · China
1728
+17
🇨🇳 Burmese · China
1682
+18
🇮🇹 Khitans · Italy
1623
+21
🇩🇪 Bohemians · Germany
1760
-18
🇳🇱 Inca · Netherlands
1749
-18
🇳🇱 Poles · Netherlands
1737
-17
🇵🇱 Byzantines · Poland
1703
-16
ForeveR
10:22 Feudal Age
14:18 Castle Age
12:34 Double-Bit Axe
13:17 Horse Collar
15:06 Heavy Plow
17:46 Wheelbarrow
18:11 Bow Saw
19:44 Loom
27:23 Imperial Age
24:28 Pikeman
25:08 Squires
24:53 Arson
25:10 Stone Mining
25:11 Gold Mining
28:19 Imperial Age
27:17 Ballistics
26:53 Murder Holes
26:38 Treadmill Crane
28:10 Hand Cart
28:02 Scale Mail Armor
28:49 Fletching
30:25 Chemistry
29:46 Halberdier
30:58 Conscription
31:47 Chain Mail Armor
31:42 Forging
34:10 Plate Mail Armor
35:15 Hoardings
35:32 Iron Casting
36:30 Bodkin Arrow
36:46 Elite Cataphract
38:06 Bracer
38:15 Scale Barding Armor
39:49 Logistica
40:03 Chain Barding Armor
40:57 Coinage
41:28 Plate Barding Armor
43:38 Banking
53:28 Guilds
53:19 Caravan
57:31 Padded Archer Armor
58:39 Elite Skirmisher
59:58 Leather Archer Armor
Loki
5:28 Loom
8:21 Feudal Age
10:14 Double-Bit Axe
14:11 Horse Collar
22:19 Castle Age
20:50 Fletching
21:00 Padded Archer Armor
22:54 Bodkin Arrow
22:21 Crossbowman
23:21 Bow Saw
23:34 Gold Mining
27:39 Heavy Plow
28:15 Wheelbarrow
33:46 Imperial Age
32:42 Padded Archer Armor
33:04 Ballistics
32:58 Scale Barding Armor
33:04 Forging
33:55 Ballistics
33:48 Szlachta Privileges
34:23 Chain Barding Armor
34:05 Husbandry
34:41 Bloodlines
35:17 Cavalier
36:07 Bracer
36:42 Conscription
37:31 Iron Casting
38:21 Padded Archer Armor
39:24 Chemistry
39:45 Thumb Ring
40:02 Arbalester
41:10 Hand Cart
40:40 Town Watch
42:31 Leather Archer Armor
43:17 Blast Furnace
44:15 Coinage
46:37 Banking
46:07 Caravan
47:27 Light Cavalry
52:38 Crop Rotation
59:04 Elite Skirmisher
61:50 Winged Hussar
63:23 Lechitic Legacy
Gordito
9:42 Feudal Age
13:19 Castle Age
11:35 Double-Bit Axe
11:59 Horse Collar
16:16 Bow Saw
16:36 Heavy Plow
22:42 Wheelbarrow
22:14 Gold Mining
23:14 Stone Mining
27:26 Imperial Age
25:14 Squires
25:00 Loom
24:38 Champi Runner
25:17 Town Watch
25:53 Hand Cart
25:44 Scale Mail Armor
25:57 Champi Warrior
27:02 Chain Mail Armor
26:59 Forging
28:58 Plate Mail Armor
27:50 Elite Champi Warrior
28:46 Fletching
28:57 Padded Archer Armor
29:30 Fabric Shields
29:50 Conscription
31:01 Iron Casting
31:22 Hoardings
31:22 Bodkin Arrow
32:02 Leather Archer Armor
32:39 Ballistics
33:20 Chemistry
32:01 Treadmill Crane
32:26 Siege Engineers
33:28 Blast Furnace
32:56 Bracer
33:12 Leather Archer Armor
33:27 Caravan
33:01 Crossbowman
33:41 Arbalester
35:04 Thumb Ring
36:05 Ring Archer Armor
35:51 Pikeman
36:16 Arson
38:26 Halberdier
40:06 Coinage
41:01 Banking
47:28 Masonry
47:13 Guard Tower
47:09 Arrowslits
49:00 Blast Furnace
49:05 Murder Holes
50:38 Fortified Wall
51:52 Elite Skirmisher
60:58 Andean Sling
61:37 Keep
RaydeX
11:14 Feudal Age
11:55 Double-Bit Axe
14:51 Castle Age
12:35 Horse Collar
16:07 Bow Saw
17:14 Fervor
20:50 Wheelbarrow
22:38 Loom
26:29 Imperial Age
24:17 Heavy Plow
25:55 Chemistry
25:18 Scale Mail Armor
25:00 Pikeman
27:50 Conscription
27:53 Hand Cart
27:23 Town Watch
29:12 Masonry
29:30 Wagenburg Tactics
30:55 Two-Man Saw
30:03 Halberdier
30:44 Squires
31:01 Chain Mail Armor
30:56 Forging
31:12 Siege Engineers
32:19 Plate Mail Armor
32:36 Architecture
32:28 Ballistics
32:24 Houfnice
34:45 Iron Casting
34:01 Fletching
35:13 Caravan
35:01 Arson
38:16 Blast Furnace
57:27 Blast Furnace
60:17 Padded Archer Armor
60:53 Architecture
60:58 Coinage
61:11 Bodkin Arrow
61:31 Leather Archer Armor
63:33 Murder Holes
65:47 Banking
MrDJM
11:16 Feudal Age
12:31 Double-Bit Axe
12:26 Domestication
15:14 Castle Age
16:22 Bow Saw
16:13 Pastoralism
16:33 Pastoralism
18:54 Wheelbarrow
24:27 Hand Cart
27:35 Imperial Age
25:23 Scale Barding Armor
25:28 Forging
25:20 Husbandry
25:47 Gold Mining
27:43 Chain Barding Armor
27:58 Iron Casting
27:38 Loom
29:20 Plate Barding Armor
29:13 Fortified Wall
28:38 Elite Steppe Lancer
29:38 Masonry
37:38 Caravan
38:05 Light Cavalry
39:34 Hussar
42:22 Coinage
43:31 Ordo Cavalry
43:46 Conscription
46:33 Capped Ram
47:49 Banking
47:44 Siege Ram
51:08 Siege Engineers
51:45 Heavy Camel Rider
58:26 Two-Man Saw
61:28 Scale Mail Armor
61:13 Elite Fire Lancer
62:16 Squires
62:34 Chain Mail Armor
62:34 Gambesons
64:39 Plate Mail Armor
Cagata Sonante
11:44 Feudal Age
12:51 Horse Collar
15:23 Castle Age
13:36 Double-Bit Axe
16:04 Heavy Plow
16:15 Bow Saw
18:26 Wheelbarrow
22:31 Hand Cart
22:15 Loom
23:27 Gold Mining
23:28 Stone Mining
27:50 Imperial Age
25:50 Scale Mail Armor
25:55 Padded Archer Armor
28:42 Leather Archer Armor
30:12 Artillery
30:34 Conscription
33:50 Elite Janissary
35:15 Masonry
35:58 Ring Archer Armor
47:43 Hoardings
47:21 Caravan
50:27 Architecture
49:53 Murder Holes
49:51 Fletching
65:06 Coinage
65:22 Treadmill Crane
mongo
10:25 Feudal Age
9:48 Loom
15:42 Castle Age
16:37 Horse Collar
25:07 Double-Bit Axe
26:05 Bow Saw
27:28 Gold Mining
29:06 Wheelbarrow
32:42 Hand Cart
36:15 Imperial Age
34:14 Scale Mail Armor
34:44 Town Watch
35:08 Padded Archer Armor
35:24 Chain Mail Armor
36:35 Forging
36:14 Arson
36:25 Elite Woad Raider
37:13 Stone Mining
38:00 Plate Mail Armor
38:33 Iron Casting
40:25 Blast Furnace
38:55 Capped Ram
45:09 Heavy Scorpion
50:49 Ballistics
51:07 Pikeman
52:41 Halberdier
54:11 Siege Ram
清远华
10:34 Feudal Age
14:16 Castle Age
12:05 Horse Collar
15:38 Heavy Plow
19:06 Wheelbarrow
26:21 Imperial Age
23:39 Loom
23:40 Town Watch
24:29 Gold Mining
26:25 Scale Barding Armor
26:30 Forging
26:55 Husbandry
27:05 Bloodlines
28:01 Conscription
28:29 Gold Shaft Mining
27:47 Stone Mining
28:20 Chain Barding Armor
28:32 Crop Rotation
29:00 Elite Battle Elephant
31:30 Plate Barding Armor
31:45 Padded Archer Armor
33:00 Iron Casting
33:42 Chemistry
34:26 Ballistics
34:18 Guilds
35:23 Masonry
34:59 Elite Arambai
38:02 Blast Furnace
36:53 Fletching
39:10 Bodkin Arrow
40:04 Light Cavalry
45:46 Caravan
50:33 Hussar
52:26 Hand Cart
53:40 Coinage
57:03 Howdah
57:06 Manipur Cavalry
59:25 Bracer
59:35 Siege Engineers
60:00 Architecture
60:41 Capped Ram
63:11 Banking
Connection lost

Rejoining the realm…

Still unreachable

The connection could not be restored.

Session expired

The server has moved on; the page needs a fresh start.